 Dungeon Crawl Stone Soup version 0.25.1-2-g60ff931df9 (webtiles) character file.

Game seed: 14508844780633268765

320 Descartes the Sneak (level 6, -1/39 HPs)
             Began as an Octopode Assassin on Aug 5, 2020.
             Slain by a hound (4 damage)
             ... on level 4 of the Dungeon.
             The game lasted 00:07:14 (3505 turns).

Descartes the Sneak (Octopode Assassin)             Turns: 3505, Time: 00:07:14

Health: -1/39      AC:  1    Str: 13    XL:     6   Next: 46%
Magic:  6/6        EV: 14    Int: 19    God:
Gold:   190        SH:  0    Dex: 13    Spells: 5/5 levels left

rFire    . . .     SeeInvis .   y - +0 dagger (vamp)
rCold    . . .     Gourm    .   (no shield)
rNeg     . . .     Faith    .   (helmet restricted)
rPois    +         Spirit   .   (no amulet)
rElec    .         Reflect  .   t - ring of poison resistance
rCorr    .         Harm     .   x - +6 ring of intelligence
MR       .....                  (no ring)
Stlth    ++++......             (no ring)
HPRegen  0.13/turn              (no ring)
MPRegen  0.10/turn              (no ring)
                                (no ring)
                                (no ring)

@: lightly drained
A: almost no armour, stealthy swim, amphibious, 8 rings, constrict 8, camouflage
1, gelatinous body 1
a: no special abilities


You were on level 4 of the Dungeon.
You were not hungry.

You visited 1 branch of the dungeon, and saw 4 of its levels.

You collected 190 gold pieces.

Inventory:

Hand Weapons
 a - a +2 dagger
 y - a +0 vampiric dagger (weapon)
Missiles
 b - 8 poisoned darts (quivered)
 c - 2 curare-tipped darts
 i - 91 arrows
 l - 33 stones
 u - 30 sling bullets
 v - 60 bolts
 w - 5 javelins
Jewellery
 t - a ring of poison resistance (left tentacle)
 x - a +6 ring of intelligence (right tentacle)
Scrolls
 e - a scroll of magic mapping {unknown}
 g - 4 scrolls of teleportation {unknown}
 h - 4 scrolls of identify {unknown}
 j - 2 scrolls of blinking {unknown}
 k - a scroll of enchant armour {unknown}
 n - a scroll of immolation {unknown}
 o - a scroll of enchant weapon {unknown}
 p - a scroll of fog {unknown}
 q - 2 scrolls of remove curse {unknown}
Potions
 f - a potion of cancellation
 m - 4 potions of stabbing
 r - a potion of lignification
 s - a potion of brilliance
 z - a potion of degeneration {unknown}
Comestibles
 d - 9 rations
 A - 2 chunks of flesh


   Skills:
 - Level 2.0(1.5) Fighting
 + Level 4.0(3.5) Short Blades
 + Level 2.6(2.1) Throwing
 + Level 3.4(2.9) Dodging
 + Level 7.3(6.8) Stealth


You had 5 spell levels left.
You didn't know any spells.
Your spell library was empty.

Dungeon Overview and Level Annotations

Branches:
Dungeon (4/15)
 Temple: D:4-7

Altars:

Annotations:
D:4 Dowan


Innate Abilities, Weirdness & Mutations

You cannot wear most types of armour.
You are very stealthy in the water. (Stealth+)
You are amphibious.
You can wear up to eight rings at the same time.
You can use your tentacles to constrict eight enemies at once.
Your skin changes colour to match your surroundings (Stealth+).
Your rubbery body absorbs attacks. (AC +1, EV +1)


Message History

The orc wizard is moderately wounded.
The hound closely misses you. The orc hits you. The orc wizard misses you.
The hound barely misses you.
You are too injured to fight recklessly!
You are too injured to fight recklessly!
You are too injured to fight recklessly!
You are too injured to fight recklessly!
The orc wizard casts a spell at you. The magic dart hits you. The orc hits you.
* * * LOW HITPOINT WARNING * * *
The orc wizard hits you with a +2 dagger of draining.
* * * LOW HITPOINT WARNING * * *
You feel drained.
* * * LOW HITPOINT WARNING * * *
The hound misses you. The hound bites you.
* * * LOW HITPOINT WARNING * * *
The orc wizard barely misses you. The hound bites you.
You die...

........##....#.$.####........
..........#$......###.........
.........###......##..........
...!.....#..†.....#...........
≈..........................<##
≈≈♣♣♣.....Z................##
≈≈≈≈≈...oo........#......###
≈≈≈≈≈≈♣....ho.....##........#
P≈P≈≈≈≈P♣..##@........#......#
P≈≈≈≈≈≈≈..###......##.#.......
..≈≈≈≈♣....###....###.........
...........###.....###......
...........#...##.##.......
..... #.<...###......÷..#
##..### #.......### #..##
#.........# ......
#..........#


You could see a hound, an orc wizard (fast), 2 orcs and a bullfrog skeleton.

Vanquished Creatures
  A crimson imp (D:3)
  A hound (D:4)
  2 orc priests (D:3)
  A worker ant (D:3)
  2 orc wizards
  3 adders
  3 worms (D:2)
  5 dart slugs
  5 leopard geckos
  7 orcs
  A ball python (D:3)
  4 giant cockroaches
  3 goblins
  2 hobgoblins (D:3)
  10 jackals
  A quokka (D:3)
  8 bats
  A frilled lizard (D:1)
  4 kobolds
  10 rats
74 creatures vanquished.

Notes
Turn   | Place    | Note
-------+----------+-------------------------------------------
     0 | D:1      | Descartes the Octopode Assassin began the quest for the
                  | Orb.
     0 | D:1      | Reached XP level 1. HP: 14/14 MP: 1/1
   257 | D:1      | Reached XP level 2. HP: 17/19 MP: 2/2
   905 | D:2      | Reached XP level 3. HP: 24/24 MP: 3/3
   970 | D:2      | Reached skill level 6 in Stealth
  1327 | D:2      | Reached XP level 4. HP: 7/29 MP: 4/4
  2086 | D:3      | Reached XP level 5. HP: 10/34 MP: 5/5
  2591 | D:3      | Reached skill level 7 in Stealth
  2722 | D:2      | HP: 1/34 [something (5)]
  2765 | D:2      | Reached XP level 6. HP: 7/39 MP: 6/6
  3368 | D:4      | Noticed Dowan
  3505 | D:4      | Slain by a hound

Illustrated notes

Levels and vault maps discovered:
D:1:      dpeg_arrival_stone_temple_mockup, layout_loops_ring
D:2:      lemuel_upstairs_altar, layout_rooms, serial_bayou_crossing
D:3:      layout_basic, first_ration
D:4:      layout_cave_pools, serial_bayou_ford_a, grunt_qazlal_clouds,
          uniq_duvessa, uniq_edmund

Skill      XL: |  1  2  3  4  5  6 |
---------------+-------------------+-----
Stealth        | 6 7 |  7.3
Dodging        | 2 3 |  3.4
Short Blades   | 3 4 |  4.0
Fighting       | |  2.0
Throwing       | |  2.6

Action                   |  1- 3 |  4- 6 || total
-------------------------+-------+-------++-------
Melee: Dagger            |    59 |   123 ||   182
       Constrict         |    14 |    24 ||    38
       Tentacles         |     6 |    22 ||    28
  Use: Potion            |       |     4 ||     4
 Stab: Sleeping          |    16 |     8 ||    24
       Distracted        |       |     2 ||     2
  Eat: Chunk             |     1 |     7 ||     8
Armor: Skin              |     4 |    27 ||    31
Dodge: Dodged            |    31 |    73 ||   104
